AoeStats
← eS I Zytek

Arabia

509947854Analyzed
3v3 RM · 4d ago on Sep 28, 2026· 39m 15s· 6 players
Game mode
Random Map
Map size
Normal (6 player)
Population
200
Speed
Normal
Resources
Standard
Victory
Conquest
Starting age
Dark Age
Ending age
Imperial Age
RankedLock teamsTeams togetherTeam positionsShared explorationLock speedFull tech treeHidden civsTurbo modeCheats
Victory
Defeat
🇺🇸 Malay · United States
1382
+17
🇺🇸 Burmese · United States
1376
+17
🇺🇸 Tatars · United States
1361
+18
🇫🇷 Britons · France
1425
-18
🇫🇷 Vikings · France
1395
-17
🇫🇷 Hindustanis · France
1388
-17
vN eRaaz
6:25 Loom
9:37 Feudal Age
9:38 Man-at-Arms
13:26 Double-Bit Axe
16:21 Fletching
21:34 Padded Archer Armor
25:23 Castle Age
24:39 Gold Mining
25:35 Crossbowman
26:41 Bodkin Arrow
29:33 Town Watch
31:25 Ballistics
31:48 Bow Saw
Saymyname3451
5:26 Loom
9:01 Feudal Age
9:42 Double-Bit Axe
15:50 Wheelbarrow
24:34 Castle Age
25:11 Light Cavalry
25:25 Light Cavalry
27:00 Scale Barding Armor
27:05 Forging
28:56 Fletching
eS I Zytek
6:40 Loom
9:11 Feudal Age
10:18 Double-Bit Axe
11:14 Horse Collar
16:17 Fletching
18:35 Wheelbarrow
23:20 Castle Age
21:27 Padded Archer Armor
22:48 Scale Barding Armor
23:14 Gold Mining
24:20 Bow Saw
23:33 Crossbowman
24:11 Bodkin Arrow
28:10 Heated Shot
28:40 Ballistics
29:12 Leather Archer Armor
30:17 Town Watch
31:46 Heavy Plow
32:57 Town Patrol
33:12 Forging
33:23 Chain Barding Armor
35:19 Iron Casting
35:11 Husbandry
Slaughter House Threeve
8:13 Loom
10:34 Feudal Age
20:37 Fletching
24:48 Double-Bit Axe
30:07 Castle Age
30:19 Elite Skirmisher
31:54 Bodkin Arrow
32:03 Padded Archer Armor
32:59 Bow Saw
36:41 Wheelbarrow
36:31 Leather Archer Armor
38:22 Ballistics
Worst_Judgement
6:52 Loom
9:25 Feudal Age
10:06 Man-at-Arms
17:23 Forging
21:36 Castle Age
19:53 Scale Mail Armor
21:26 Horse Collar
21:39 Gold Mining
21:41 Long Swordsman
22:23 Squires
22:12 Arson
23:21 Iron Casting
23:08 Gambesons
26:02 Gold Shaft Mining
26:12 Chain Mail Armor
32:33 Heavy Plow
33:49 Elite Skirmisher
39:53 Wheelbarrow
TrickyDick
6:24 Loom
9:09 Feudal Age
9:50 Double-Bit Axe
21:54 Castle Age
20:39 Bloodlines
20:37 Horse Collar
21:48 Scale Barding Armor
23:23 Forging
25:11 Husbandry
25:50 Chain Barding Armor
Connection lost

Rejoining the realm…

Still unreachable

The connection could not be restored.

Session expired

The server has moved on; the page needs a fresh start.